 Dungeon Crawl Stone Soup version 0.29-a0-732-g3d7fbe0af2 (webtiles) character file.

Game seed: 5413593770428920838

68809 buhh the Draconian Aeon (level 14, -4/124 HPs)
             Began as a Pale Draconian Transmuter on June 29, 2022.
             Was the Champion of Cheibriados.
             Slain by a spark wasp (13 damage)
             ... on level 1 of the Spider Nest on June 30, 2022.
             The game lasted 00:51:44 (24003 turns).

buhh the Draconian Aeon (DrTm)                     Turns: 24003, Time: 00:51:45

Health: -4/124     AC: 16    Str: 28    XL:     14   Next: 88%
Magic:  20/23      EV: 20    Int: 32    God:    Cheibriados [******]
Gold:   1048       SH:  0    Dex: 28    Spells: 3/17 levels left

rFire   . . .      SeeInvis .     - Unarmed
rCold   + . .      Faith    .   (shield currently unavailable)
rNeg    . . .      Spirit   .   (body armour unavailable)
rPois   .          Reflect  .   n - +2 hat
rElec   .          Harm     .   k - +2 cloak
rCorr   .          Rampage  .   (gloves currently unavailable)
Will    ++...                   o - +2 pair of boots
Stlth   ++........              x - amulet of the acrobat
HPRegen 0.30/turn               i - ring of protection from cold
MPRegen 0.18/turn               p - ring of willpower

@: confused, blade hands, very slightly contaminated, very slow
A: breathe steam, AC +8, unfitting armour, cold-blooded, steam resistance
a: Breathe Steam, End Transformation, Renounce Religion, Bend Time, Temporal
Distortion, Slouch, Step From Time


You were on level 1 of the Spider Nest.
You worshipped Cheibriados.
Cheibriados was exalted by your worship.
You had blades for hands.
You visited 5 branches of the dungeon, and saw 21 of its levels.
You also visited: Bailey and Gauntlet.

You collected 1737 gold pieces.
You spent 689 gold pieces at shops.

Inventory:

Missiles
 b - 19 poisoned darts
 z - 3 throwing nets {!f}
 R - 5 curare-tipped darts
Armour
 k - a +2 cloak (worn)
 n - a +2 hat (worn)
 o - a +2 pair of boots (worn)
Magical Staves
 e - a staff of death
 q - a staff of conjuration
 y - a staff of earth
Jewellery
 a - a ring of protection from cold
 g - an amulet of guardian spirit
 i - a ring of protection from cold (left blade hand)
 p - a ring of willpower (right blade hand)
 v - a ring of fire
 w - a ring of resist corrosion
 x - an amulet of the acrobat (around neck)
 E - a ring of protection from cold
 L - the ring of Moderation {Ice rElec Str+2}
   (You found it on level 9 of the Dungeon)

   [ring of ice]

   It enhances your ice magic.
   Str:       It affects your strength (+2).
   rF:        It makes you vulnerable to fire.
   rC:        It protects you from cold.
   rElec:     It insulates you from electricity.
Wands
 f - a wand of mindburst (8)
 s - a wand of polymorph (10)
 C - a wand of flame (39)
 D - a wand of iceblast (18)
 G - a wand of charming (17)
 M - a wand of quicksilver (3)
Scrolls
 c - a scroll of blinking {!d}
 m - 4 scrolls of poison
 t - 5 scrolls of teleportation {!d}
 u - 3 scrolls of noise
 F - 5 scrolls of enchant weapon
 I - a scroll of silence {!r}
 K - 2 scrolls of fear {!r}
 P - 2 scrolls of magic mapping {!r!d}
 Q - a scroll of fog
 S - 3 scrolls of vulnerability
 T - a scroll of immolation {!d}
 X - 3 scrolls of amnesia
 Z - 3 scrolls of enchant armour
Potions
 d - 3 potions of attraction
 h - 2 potions of berserk rage {!q}
 j - 4 potions of degeneration
 l - 5 potions of lignification {!d}
 r - 3 potions of heal wounds {unknown}
 A - a potion of flight {unknown}
 B - 5 potions of ambrosia {!q!d}
 J - 4 potions of magic {!q!d}
 N - a potion of curing {!q!d}
 O - 4 potions of haste {!q!d}
 U - 4 potions of mutation {!d}
 V - a potion of cancellation {!q!d}
 W - a potion of resistance {unknown}
 Y - a potion of brilliance {unknown}
Miscellaneous
 H - a box of beasts


   Skills:
 - Level 11.1 Fighting
 - Level 8.0 Dodging
 - Level 5.0 Stealth
 - Level 10.0 Unarmed Combat
 - Level 2.0 Spellcasting
 * Level 3.9 Translocations
 - Level 11.2 Transmutations
 - Level 10.0 Ice Magic
 * Level 9.3 Air Magic
 - Level 13.0 Invocations


You had 3 spell levels left.
You knew the following spells:

 Your Spells              Type           Power      Damage    Failure   Level
a - Ice Form              Ice/Tmut       63%        N/A       14%         4
b - Blade Hands           Tmut           33%        N/A       21%         5
c - Wereblood             Tmut           66%        N/A       7%          2
d - Ozocubu's Armour      Ice            61%        N/A       11%         3

Your spell library contained the following spells:

 Spells                   Type           Power      Damage    Failure   Level
 Beastly Appendage        Tmut           100%       N/A       6%          1
 Passwall                 Tmut/Erth      32%        N/A       16%         2
 Ensorcelled Hibernation  Hex/Ice        70%        N/A       17%         2
 Blink                    Tloc           56%        N/A       21%         2
 Spider Form              Tmut/Pois      39%        N/A       21%         3
 Gell's Gravitas          Tloc           28%        N/A       30%         3
 Teleport Other           Tloc           28%        N/A       30%         3
 Magic Dart               Conj           12%        1d3       38%         1
 Sandblast                Erth           6%         2d5       38%         1
 Portal Projectile        Hex/Tloc       30%        N/A       45%         3
 Searing Ray              Conj           6%         2d4       47%         2
 Dazzling Flash           Conj/Hex       6%         N/A       63%         3
 Stone Arrow              Conj/Erth      6%         3d7       63%         3
 Tukima's Dance           Hex            3%         N/A       63%         3
 Iskenderun's Mystic Bla  Conj/Tloc      15%        2d5       73%         4
 Manifold Assault         Tloc           28%        N/A       78%         5
 Anguish                  Hex/Necr       1%         N/A       90%         4
 Fulminant Prism          Conj/Hex       1%         3d6       90%         4
 Storm Form               Tmut/Air       31%        N/A       94%         7
 Ozocubu's Refrigeration  Ice            30%        4d11      95%         7
 Dispersal                Tloc           14%        N/A       99%         6
 Starburst                Conj/Fire      1%         6d3       100%        6


Dungeon Overview and Level Annotations

Branches:
Dungeon (12/15) Zot: 38902  Temple (1/1) D:5 Zot: 8795    Lair (5/6) D:9 Zot: 34893
  Swamp (0/4) Lair:2       Spider (1/4) Lair:4 Zot: 8206   Slime (0/5) Lair:5
    Orc (2/2) D:11 Zot: 14994     Elf (0/3) Orc:2        Bailey (visited)
Gauntlet (visited)

Altars:
Cheibriados
Dithmenos
Fedhas
Gozag
Kikubaaqudgha
Makhleb
Qazlal
Ru
Vehumet
Wu Jian
Xom
Yredelemnul
Zin
The Shining One

Shops:
D:9 *   Orc:1 *   Orc:2 *((*[

Annotations:
D:8 2 transporters, ShinZimon's ghost, novice SpCj
D:10 2 transporters
D:12 exclusion: simulacrum, Azrael
Lair:2 1 runed translucent door, IdlyInterested's ghost, journeyman DsGl
Lair:3 Rupert
Orc:2 exclusions: 4 centaurs and centaur warrior


Innate Abilities, Weirdness & Mutations

You have blades for hands.
Your spellcasting is less reliable in this form.
You are incapable of wielding weapons or throwing items.
You can breathe blasts of scalding, opaque steam.
Your pale cyan-grey scales are hard. (AC +8)
You cannot fit into any form of body armour.
You are cold-blooded and may be slowed by cold attacks.
You are immune to the effects of steam.


Message History

The wolf spider is engulfed in a cloud of scalding steam.
The wolf spider misses you. The wolf spider bites you.
You slash the wolf spider! You tail-slap the wolf spider.
The wolf spider is almost dead.
The wolf spider completely misses you. The wolf spider barely misses you.
The spark wasp is engulfed in a cloud of scalding steam.
You slice the wolf spider!!
You kill the wolf spider!
Cheibriados thoroughly appreciates the change of pace.
You slash the spark wasp!
You tail-slap the spark wasp, but do no damage.
The spark wasp is moderately wounded.
The spark wasp stings you! The spark wasp shocks you!
The tarantella touches you but does no damage.
You shred the spark wasp!!!
The spark wasp is almost dead.
The spark wasp stings you! The spark wasp shocks you!
The tarantella misses you.
You hit the spark wasp but do no damage.
Your tail-slap misses the spark wasp.
Your slash misses the spark wasp.
The spark wasp is almost dead.
The tarantella closely misses you. The spark wasp closely misses you.
The tarantella touches you but does no damage.
The tarantella touches you.
You are confused.
The spark wasp stings you! The spark wasp shocks you!
* * * LOW HITPOINT WARNING * * *
Okay, then.
Really quaff
N - 2 potions of curing {!q!d}?
You feel better.
You have got your breath back.
The tarantella touches you!
* * * LOW HITPOINT WARNING * * *
The tarantella touches you.
* * * LOW HITPOINT WARNING * * *
You are confused.
The spark wasp stings you!!
* * * LOW HITPOINT WARNING * * *
The spark wasp shocks you!
You die...

#. ##.# . ..#. ...# ##
.. ...#... ...
....#..#... ....
....#..... #....
#^...#..##....
##.#...ys...#.#
#......@s....#
..^..#.#.##### ###
............# ##≈§
.:.##......#### ##§..
####...)..###.# # #.≈.≈
......#†##.#..##.###...§
....#...#......###§....
........†........##..≈##
.####........##..#≈.)###


You could see a spark wasp and 2 tarantellas.

Vanquished Creatures
  An orc warlord (Bailey)
  2 entropy weavers (Spider:1)
  2 hydras
  Harold (D:10)
  3 centaur warriors (D:9)
  3 boulder beetles
  A radroach (Spider:1)
  A two-headed ogre (D:11)
  3 death yaks (Lair:3)
  An orc high priest (Orc:1)
  2 flayed ghosts (D:9)
  2 orb spiders (Spider:1)
  2 deep elf pyromancers (D:9)
  3 orc knights
  A lindwurm (Lair:3)
  2 orc sorcerers
  3 wolf spiders (Spider:1)
  A cyclops (D:11)
  6 elephants (Lair:3)
  7 black mambas
  2 torpor snails
  A gargoyle (D:11)
  3 rime drakes
  Maggie (D:7)
  10 cane toads
  7 demonic crawlers (Spider:1)
  An unseen horror (D:11)
  A kobold demonologist (D:11)
  14 komodo dragons
  A queen bee (Lair:2)
  3 trolls
  A hornet (Lair:4)
  A polar bear (Lair:2)
  A tarantella (Spider:1)
  4 blink frogs (Lair:3)
  2 jumping spiders (Spider:1)
  A spriggan (Lair:4)
  A culicivora (Spider:1)
  64 yaks
  A wraith (D:10)
  3 wyverns
  A shadow (D:11)
  5 fire elementals
  Grum (Lair:1)
  A basilisk (Lair:3)
  An unseen horror simulacrum (D:9)
  2 steam dragons (D:7)
  7 vampire mosquitoes
  3 redbacks (Spider:1)
  5 wargs
  8 water moccasins
  An acid dragon (D:9)
  4 hell hounds
  17 orc warriors
  An ice beast (D:6)
  3 black bears
  8 ogres
  6 centaurs
  47 wolves
  A phantom (D:6)
  9 bullfrogs
  4 scorpions
  4 necrophages
  8 wights
  36 killer bees
  4 howler monkeys
  A lava snake (Lair:5)
  3 hounds
  3 jellies
  7 orc priests
  6 iguanas
  7 orc wizards
  9 gnolls
  13 adders
  2 shadow imps
  A worm (D:4)
  A dart slug (D:4)
  55 orcs
  8 ball pythons
  3 bats
  7 endoplasms
  5 giant cockroaches
  11 goblins
  7 hobgoblins
  4 jackals (D:1)
  A quokka (D:3)
  2 frilled lizards (D:1)
  16 kobolds
  6 rats
535 creatures vanquished.

Vanquished Creatures (collateral kills)
  2 orc knights (Orc:2)
  10 orc warriors (Orc:2)
  An orc priest (Orc:2)
  2 orcs (Orc:2)
15 creatures vanquished.

Vanquished Creatures (others)
  A demonic plant (Gauntlet)
  42 fungi
  52 plants
95 creatures vanquished.

Grand Total: 645 creatures vanquished

Notes
Turn   | Place    | Note
-------+----------+-------------------------------------------
     0 | D:1      | buhh the Draconian Transmuter began the quest for the Orb.
     0 | D:1      | Reached XP level 1. HP: 16/16 MP: 3/3
    78 | D:1      | Reached XP level 2. HP: 24/25 MP: 3/5
   604 | D:1      | Reached XP level 3. HP: 26/31 MP: 4/6
  1292 | D:2      | Found a faded altar of an unknown god.
  2304 | D:3      | Reached XP level 4. HP: 27/41 MP: 5/7
  2909 | D:4      | Noticed a black bear
  2918 | D:4      | You fall into a shaft and drop 1 floor!
  2918 | D:5      | Entered Level 5 of the Dungeon
  2929 | D:5      | Noticed a scorpion
  2939 | D:5      | Killed a scorpion
  2940 | D:5      | Reached XP level 5. HP: 47/48 MP: 6/8
  3154 | D:5      | Found a staircase to the Ecumenical Temple.
  3166 | Temple   | Entered the Ecumenical Temple
  3291 | Temple   | Became a worshipper of Cheibriados the Contemplative
  3341 | D:5      | Found a shadowy altar of Dithmenos.
  3356 | D:5      | Noticed a black bear
  3360 | D:5      | Killed a black bear
  3361 | D:5      | Reached XP level 6. HP: 57/57 MP: 9/9
  3462 | D:5      | Your scales start taking on a pale cyan-grey colour.
  3462 | D:5      | Reached XP level 7. HP: 26/63 MP: 10/10
  3462 | D:5      | Gained mutation: You are immune to the effects of steam.
                  | [Pale Draconian growth]
  3903 | D:5      | Found a glowing silver altar of Zin.
  4314 | D:5      | Found a sacrificial altar of Ru.
  4348 | D:4      | Reached * piety under Cheibriados
  4647 | D:4      | Reached XP level 8. HP: 70/70 MP: 11/11
  5082 | D:6      | Reached ** piety under Cheibriados
  5142 | D:6      | Reached XP level 9. HP: 75/75 MP: 12/12
  5404 | D:6      | Reached skill level 11 in Transmutations
  5498 | D:6      | Learned a level 5 spell: Blade Hands
  5501 | D:6      | Learned a level 2 spell: Wereblood
  6460 | D:7      | Noticed Maggie
  6744 | D:7      | Reached *** piety under Cheibriados
  6872 | D:7      | Killed Maggie
  7902 | D:8      | Found a transporter.
  7905 | D:8      | Noticed ShinZimon's ghost (novice SpCj)
  7931 | D:8      | Noticed a moth of wrath
  7970 | D:8      | Found a transporter.
  8235 | D:9      | Reached skill level 1 in Invocations
  8235 | D:9      | Reached XP level 10. HP: 93/93 MP: 7/13
  8269 | D:9      | Reached **** piety under Cheibriados
  8296 | D:9      | Found a flagged portal.
  8314 | Bailey   | Entered a bailey
  8333 | Bailey   | Learned a level 3 spell: Ozocubu's Armour
  8346 | Bailey   | Noticed an orc warlord
  8401 | Bailey   | Found a runed translucent gate.
  8401 | Bailey   | Found a runed translucent gate.
  8433 | Bailey   | Found a runed translucent gate.
  8434 | Bailey   | Noticed an orc knight
  8446 | Bailey   | Killed an orc knight
  8447 | Bailey   | Reached skill level 2 in Invocations
  8686 | Bailey   | Killed an orc warlord
  8687 | Bailey   | Reached skill level 3 in Invocations
  8704 | Bailey   | Reached XP level 11. HP: 72/99 MP: 12/14
  8880 | D:9      | Noticed a deep elf pyromancer
  8881 | D:9      | Noticed a centaur warrior
  8883 | D:9      | Killed a deep elf pyromancer
  8884 | D:9      | Reached skill level 4 in Invocations
  8886 | D:9      | Killed a centaur warrior
  8887 | D:9      | Reached skill level 5 in Invocations
  8895 | D:9      | Noticed a centaur warrior
  8901 | D:9      | Killed a centaur warrior
  8902 | D:9      | Reached skill level 6 in Invocations
  9042 | D:9      | Noticed a deep elf pyromancer
  9042 | D:9      | Noticed a flayed ghost
  9042 | D:9      | Noticed a centaur warrior
  9044 | D:9      | Killed a centaur warrior
  9045 | D:9      | Reached skill level 7 in Invocations
  9046 | D:9      | Killed a deep elf pyromancer
  9048 | D:9      | Killed a flayed ghost
  9049 | D:9      | Reached skill level 8 in Invocations
  9049 | D:9      | Noticed a boulder beetle
  9049 | D:9      | Noticed a flayed ghost
  9351 | D:9      | Found Textucolie's General Store.
  9359 | D:9      | Bought a potion of curing for 42 gold pieces
  9601 | D:9      | Reached skill level 9 in Invocations
  9608 | D:9      | Reached XP level 12. HP: 93/106 MP: 10/18
 10154 | D:9      | Found a staircase to the Lair.
 10254 | Lair:1   | Entered Level 1 of the Lair of Beasts
 10270 | Lair:1   | Reached skill level 10 in Invocations
 10309 | Lair:1   | Found a gate leading to a gauntlet.
 10315 | Gauntlet | Entered a Gauntlet
 10315 | Gauntlet | Found a transporter.
 10327 | Gauntlet | Found a transporter.
 10327 | Gauntlet | Found a transporter.
 10328 | Gauntlet | Found a transporter.
 10336 | Gauntlet | Found a transporter.
 10339 | Gauntlet | Found a transporter.
 10340 | Gauntlet | Found a transporter.
 10342 | Gauntlet | Noticed a death yak
 10343 | Gauntlet | Noticed a death yak
 10343 | Gauntlet | Noticed a death yak
 10344 | Gauntlet | Noticed a death yak
 10345 | Gauntlet | Noticed a death yak
 10349 | Gauntlet | Found a transporter.
 10351 | Gauntlet | Found a transporter.
 10352 | Gauntlet | Found a transporter.
 10360 | Gauntlet | Found a transporter.
 10363 | Gauntlet | Found a transporter.
 10364 | Gauntlet | Found a transporter.
 10369 | Gauntlet | Noticed a quicksilver ooze
 10372 | Gauntlet | Found a transporter.
 11207 | Lair:1   | Reached skill level 11 in Invocations
 11355 | Lair:1   | Noticed Grum
 11371 | Lair:1   | Killed Grum
 12026 | Lair:1   | Noticed a boulder beetle
 12120 | Lair:2   | Reached ***** piety under Cheibriados
 12281 | Lair:2   | Reached skill level 12 in Invocations
 12419 | Lair:2   | Found a staircase to the Swamp.
 12459 | Lair:2   | Found a runed translucent door.
 12581 | Lair:2   | Reached skill level 13 in Invocations
 13509 | Lair:2   | Noticed IdlyInterested's ghost (journeyman DsGl)
 14225 | Lair:3   | Reached XP level 13. HP: 107/113 MP: 14/22
 15814 | Lair:4   | Found a hole to the Spider Nest.
 16329 | Lair:5   | Found a staircase to the Slime Pits.
 16732 | Lair:5   | Reached ****** piety under Cheibriados
 17560 | Lair:3   | Noticed Rupert
 17886 | Lair:3   | Found an ornate altar of the Wu Jian Council.
 17907 | Lair:3   | Paralysed by Rupert for 3 turns
 18610 | D:9      | Learned a level 4 spell: Ice Form
 18622 | D:9      | Reached XP level 14. HP: 121/121 MP: 17/23
 18627 | D:9      | Identified the ring of Moderation {Ice rElec Str+2}
 18773 | D:10     | Entered Level 10 of the Dungeon
 18959 | D:10     | Noticed Harold
 18963 | D:10     | Found a transporter.
 19259 | D:10     | Found a transporter.
 19342 | D:10     | Killed Harold
 19915 | D:11     | Reached skill level 11 in Fighting
 20171 | D:11     | Found a staircase to the Orcish Mines.
 20608 | D:12     | Noticed Azrael
 20684 | Orc:1    | Entered Level 1 of the Orcish Mines
 20842 | Orc:1    | Found Vushaisch's Assorted Antiques.
 20860 | Orc:1    | Bought a scroll of identify for 68 gold pieces
 20860 | Orc:1    | Bought a scroll of identify for 68 gold pieces
 20860 | Orc:1    | Bought a scroll labelled ETEUG ILOUNIVO for 34 gold pieces
 20931 | Orc:2    | Entered Level 2 of the Orcish Mines
 21522 | Orc:2    | Found Diseshuh's Assorted Antiques.
 21522 | Orc:2    | Found Saizuq's Antique Weapon Shop.
 21536 | Orc:2    | Found Kiaxkop's Armour Emporium.
 21538 | Orc:2    | Found Kaudd's Antique Weapon Boutique.
 21543 | Orc:2    | Bought a scroll of identify for 48 gold pieces
 21543 | Orc:2    | Bought a scroll of fear for 84 gold pieces
 21543 | Orc:2    | Bought a lumpy golden potion for 21 gold pieces
 21543 | Orc:2    | Bought a lumpy golden potion for 21 gold pieces
 21869 | Orc:2    | Found a staircase to the Elven Halls.
 22052 | Orc:2    | Found Inimerae's Assorted Antiques.
 22060 | Orc:2    | Bought a scroll of identify for 70 gold pieces
 22060 | Orc:2    | Bought a scroll of identify for 70 gold pieces
 22060 | Orc:2    | Bought a scroll of identify for 70 gold pieces
 22060 | Orc:2    | Bought a puce potion for 31 gold pieces
 22060 | Orc:2    | Bought a sedimented clear potion for 31 gold pieces
 22060 | Orc:2    | Bought a bubbling white potion for 31 gold pieces
 23354 | Spider:1 | Entered Level 1 of the Spider Nest
 24003 | Spider:1 | Slain by a spark wasp

Illustrated notes

Levels and vault maps discovered:
D:1:      dpeg_arrival_windows_large_door, layout_rooms
D:2:      layout_loops_cross, chequers_ecumenical_altar_simple_redux
D:3:      layout_loops_ring
D:4:      layout_loops_ring
D:5:      layout_loops_ring, lemuel_tele_altar, kennysheep_mini, zin_statuary,
          minmay_temple_entry_wispy, serial_glass, glass_columns_b,
          glass_columns_a, item_on_display_a, due_unseen_surprise,
          feat_on_display
D:6:      layout_basic, kennysheep_minor_cross, st_stairs_7
D:7:      layout_basic, uniq_maggie
D:8:      layout_basic, gammafunk_ghost_berserking_beasts, sigmund_army
D:9:      minmay_sliced_demisemicircle, layout_layer_cave, david_lair_shrubbed,
          enter_bailey_4, serial_shops, nicolae_shop_stone
D:10:     gammafunk_boulding_lane, layout_cave_pools, uniq_harold
D:11:     layout_big_octagon, minmay_orc_entry_guard_dogs
D:12:     layout_loops_ring, serial_shops, kennysheep_mini_moat, uniq_azrael
Temple:   compressed_dpeg_triangle_lava_temple
Lair:1:   layout_regular_city, gauntlet_entry_generic,
          hellmonk_guarded_unrand_seven_league_boots, grunt_megastairs_4,
          uniq_grum
Lair:2:   layout_long_grid, minmay_swamp_entry_swarm, special_room
          [special_room_bee], ebering_ghost_reflecting_pool,
          beast_lair_carwin_11
Lair:3:   layout_chaotic_city, basic_altar, grunt_megastairs_3, uniq_rupert,
          uniq_sonja
Lair:4:   layout_misc_corridors, dummy_spider_entry,
          grunt_forest_large_clearings
Lair:5:   layout_gridlike, slime_entry_1, minivault_27
Spider:1: layout_spider_delve, drop_trap, nicolae_crawler_farm
Orc:1:    layout_caves, serial_shops, nicolae_shop_hallway_stairs
Orc:2:    st_orc_rangers, layout_caves, serial_shops,
          nicolae_shop_advertising_works [nicolae_subvault_shop_adworks]

Skill      XL: |  1  2  3  4  5  6  7  8  9 10 11 12 13 14 |
---------------+-------------------------------------------+-----
Fighting       | 2 3 4 5 6 10 11 | 11.1
Transmutations | 4 5 7 10 11 | 11.2
Invocations    | 1 3 9 13 | 13.0
Ice Magic      | 10 | 10.0
Unarmed Combat | 5 9 10 | 10.0
Dodging        | 4 8 |  8.0
Stealth        | 4 5 |  5.0
Air Magic      | 9 |  9.3
Translocations | 3 |  3.9
Spellcasting   | |  2.0

Action                   |  1- 3 |  4- 6 |  7- 9 | 10-12 | 13-15 || total
-------------------------+-------+-------+-------+-------+-------++-------
Melee: Unarmed           |   117 |    65 |   101 |   294 |   482 ||  1059
       Kick              |    21 |     5 |    15 |       |       ||    41
       Tailslap          |     8 |     3 |    19 |    51 |    92 ||   173
       Headbutt          |     7 |     4 |    13 |       |       ||    24
       Punch             |     3 |     2 |     1 |    12 |    38 ||    56
 Cast: Beastly Appendage |    26 |     5 |    12 |       |       ||    43
       Blade Hands       |       |       |    18 |    42 |    82 ||   142
       Ozocubu's Armour  |       |       |       |     2 |     3 ||     5
       Wereblood         |       |       |       |       |     2 ||     2
       Ice Form          |       |       |       |       |     3 ||     3
Invok: Slouch            |       |       |       |     6 |    12 ||    18
 Abil: Breathe Steam     |       |       |    66 |    29 |    41 ||   136
Evoke: Wand              |       |     8 |     4 |     3 |     1 ||    16
  Use: Potion            |       |     2 |     1 |     5 |     1 ||     9
       Scroll            |       |       |     9 |    11 |    16 ||    36
 Stab: Sleeping          |     1 |     1 |       |       |     1 ||     3
Armor: Skin              |    46 |    40 |    46 |   170 |   211 ||   513
Dodge: Dodged            |    78 |    18 |    81 |   285 |   715 ||  1177

Table legend: (Time is in decaauts)
 A = Elapsed time spent in this place.
 B = Non-inter-level travel time spent in this place.
 C = Inter-level travel time spent in this place.
 D = Time resting spent in this place.
 E = Time spent auto-exploring this place.
 F = Levels seen in this place.
 G = Mean time per level.
                   A        B        C        D        E       F      G
               +--------+--------+--------+--------+--------+-----+--------+
         Total |  31383 |  28900 |   2483 |   4022 |  20203 |  23 | 1364.5 |
       Dungeon |  16399 |  14717 |   1682 |   1561 |  11080 |  12 | 1366.6 |
        Temple |    142 |    126 |     16 |      0 |    116 |   1 |  142.0 |
          Lair |  10097 |   9627 |    470 |   2035 |   5914 |   5 | 2019.4 |
   Spider Nest |    792 |    792 |      0 |      0 |    596 |   1 |  792.0 |
  Orcish Mines |   3004 |   2691 |    313 |    333 |   2023 |   2 | 1502.0 |
        Bailey |    699 |    699 |      0 |     92 |    313 |   1 |  699.0 |
      Gauntlet |    248 |    248 |      0 |      0 |    159 |   1 |  248.0 |
               +--------+--------+--------+--------+--------+-----+--------+

Top non-repeatable levels by time:
     D:9: 3221 daAuts
  Lair:2: 2661 daAuts
  Lair:4: 2602 daAuts
   Orc:2: 2385 daAuts
  Lair:1: 2301 daAuts
     D:7: 1818 daAuts
     D:6: 1592 daAuts
     D:5: 1514 daAuts
    D:11: 1503 daAuts
  Lair:3: 1275 daAuts
     D:8: 1273 daAuts
  Lair:5: 1256 daAuts
     D:3: 1181 daAuts
    D:10: 1157 daAuts
     D:4: 1086 daAuts
